Map: Станция «Король Седжон» РВ

Players

Yalta

  • Race: Terran Terran
  • League: Master
  • Spawn Location: 11:00

jumanjii - Winner!

  • Race: Protoss Protoss
  • League: Master
  • Spawn Location: 5:00

VOD

Have the link to the VOD?

Description

Time

  • Played on: Feb. 23, 2017, 1:15 p.m.
  • Length: 7:15
Show
View Real Time Build Order
Export as new Build Order

Yalta Terran 

Build Orders: Liberator Opening 

Get SALT Encoding   

  12  0:01  SCV  
  13  0:13  SCV  
  14  0:18  Supply Depot  
  14  0:25  SCV  
  15  0:31  Refinery  
  15  0:39  SCV  
  16  0:44  Barracks  
  16  0:51  SCV  
  17  1:03  SCV  
  18  1:15  Refinery, SCV  
  19  1:32  Reaper  
  20  1:35  Orbital Command  
  20  1:49  Factory  
  20  1:58  Supply Depot  
  20  2:01  SCV  
  21  2:13  SCV  
  22  2:15  Barracks Reactor  
  22  2:26  SCV  
  22  2:29  Supply Depot  
  23  2:33  Factory Tech Lab  
  23  2:34  Starport  
  23  2:50  SCV  
  23  2:52  Marine x2  
  23  2:53  Liberator, Siege Tank  
  28  3:01  Supply Depot  
  28  3:02  SCV  
  29  3:09  Marine x2  
  34  3:19  SCV  
  35  3:24  Supply Depot  
  35  3:27  Marine x2  
  37  3:38  Siege Tank  
  40  3:42  Liberator, SCV  
  40  3:45  Marine x2  
  43  3:49  Engineering Bay  
  46  4:03  Supply Depot  
  46  4:04  Marine  
  46  4:06  Marine  
  41  4:31  Marine  
  41  4:32  Marine, Siege Tank  
  41  4:37  Liberator  
  43  4:57  Command Center  
  46  5:09  Bunker  
  46  5:16  Marine  
  46  5:17  Marine  
  46  5:18  Widow Mine  
  49  5:40  Liberator  
  38  5:43  Marine x2  
  38  5:49  Siege Tank  
  40  5:52  Bunker  
  40  5:58  Barracks  
  40  5:59  Barracks  
  43  6:04  Marine  
  43  6:05  Marine  
  43  6:11  Orbital Command  
  42  6:14  SCV  
  43  6:28  Marine x2  
  43  6:32  Siege Tank  
Show
View Real Time Build Order
Export as new Build Order

jumanjii Protoss - Winner!

Build Orders: 1 Gate Expand 

Get SALT Encoding   

  12  0:00  Probe (Chrono Boost)  
  13  0:11  Probe (Chrono Boost)  
  14  0:17  Pylon  
  14  0:22  Probe (Chrono Boost)  
  16  0:35  Probe (Chrono Boost)  
  16  0:36  Gateway  
  16  0:46  Probe (Chrono Boost)  
  16  0:47  Assimilator  
  17  0:57  Probe (Chrono Boost)  
  18  1:07  Probe (Chrono Boost)  
  19  1:20  Nexus  
  19  1:23  Probe (Chrono Boost)  
  20  1:33  Cybernetics Core  
  20  1:36  Probe (Chrono Boost)  
  21  1:41  Assimilator  
  22  1:47  Probe (Chrono Boost)  
  22  1:51  Pylon  
  22  1:57  Probe (Chrono Boost)  
  23  2:01  Warp Gate  
  23  2:05  Stalker  
  23  2:12  Probe (Chrono Boost)  
  26  2:25  Probe (Chrono Boost)  
  26  2:26  Robotics Facility  
  27  2:34  Stalker  
  29  2:40  Probe (Chrono Boost)  
  29  2:41  Probe (Chrono Boost)  
  30  2:52  Probe (Chrono Boost)  
  30  2:53  Probe (Chrono Boost)  
  32  3:03  Stalker  
  35  3:05  Probe (Chrono Boost)  
  35  3:11  Probe (Chrono Boost)  
  35  3:12  Gateway, Observer  
  35  3:19  Gateway  
  36  3:23  Probe (Chrono Boost)  
  36  3:25  Probe (Chrono Boost)  
  40  3:35  Immortal  
  40  3:37  Mothership Core (Chrono Boost)  
  44  3:44  Probe (Chrono Boost)  
  44  3:47  Pylon  
  45  3:55  Pylon  
  46  3:56  Probe (Chrono Boost)  
  46  4:08  Probe (Chrono Boost)  
  46  4:09  Probe (Chrono Boost)  
  48  4:11  Stalker x2  
  48  4:15  Stalker  
  54  4:21  Observer  
  56  4:25  Probe (Chrono Boost)  
  56  4:30  Probe (Chrono Boost)  
  57  4:37  Probe (Chrono Boost)  
  58  4:40  Warp Prism  
  59  4:49  Probe (Chrono Boost), Stalker  
  61  4:53  Pylon  
  61  4:55  Pylon  
  61  5:12  Stalker x3  
  63  5:18  Immortal  
  61  5:45  Stalker x3  
  61  5:48  Probe (Chrono Boost)  
  68  5:54  Probe (Chrono Boost)  
  69  5:58  Assimilator  
  69  6:00  Probe (Chrono Boost)  
  69  6:06  Probe (Chrono Boost)  
  69  6:11  Probe (Chrono Boost)  
  70  6:13  Twilight Council  
  70  6:15  Assimilator  
  70  6:16  Probe (Chrono Boost)  
  71  6:35  Stalker x3  
  77  6:52  Probe (Chrono Boost)  
Tags
 
Add a new tag
Caveats
  • Supply blocks, unpowered buildings, or Contaminate may cause inaccurate times.
  • Supply counts are checked every 10 seconds.